TOP OF THE 1ST |
District 9 Prawns batting - Pitching for Texarkana Bears : RHP Joe Utter
|
Pitching: RHP Joe Utter
|
|
Batting: LHB Tommy Payne
|
0-0: Foul Ball, location: 2F 0-1: Fly out, F8 (Flyball, 8RM)
|
Batting: RHB José Colón
|
0-0: Ball 1-0: Fly out, F9 (Flyball, 9LS)
|
Batting: SHB Rick Turner
|
0-0: Ball 1-0: Called Strike 1-1: Ball 2-1: Foul Ball, location: 2F 2-2: Strikes out swinging
|
Top of the 1st over - 0 run(s), 0 hit(s), 0 error(s), 0 left on base; District 9 0 - Texarkana 0 |
BOTTOM OF THE 1ST |
Texarkana Bears batting - Pitching for District 9 Prawns : LHP Ricardo Vega
|
Pitching: LHP Ricardo Vega
|
|
Batting: RHB Keith Ford
|
0-0: Called Strike 0-1: Foul Ball, location: 2F 0-2: Strikes out swinging, 2-3 out at first.
|
Batting: LHB Sam Barnes
|
0-0: Ball 1-0: Ball 2-0: Called Strike 2-1: Foul Ball, location: 2F 2-2: Fly out, F3 (Popup, 34)
|
Batting: RHB Billy Campbell
|
0-0: Fly out, F6 (Popup, 6D)
|
Bottom of the 1st over - 0 run(s), 0 hit(s), 0 error(s), 0 left on base; District 9 0 - Texarkana 0 |
TOP OF THE 2ND |
District 9 Prawns batting - Pitching for Texarkana Bears : RHP Joe Utter
|
Batting: LHB José Flores
|
0-0: Ball 1-0: SINGLE (Line Drive, 78S)
|
Batting: LHB Pedro Gonzáles
|
0-0: Ball 1-0: Foul Ball, location: 2F 1-1: Ball 2-1: SINGLE (Line Drive, 34D) José Flores to second
|
Batting: RHB Edgardo Carrasco
|
0-0: Foul Ball, location: 2F 0-1: Ball 1-1: Foul Ball, location: 2F 1-2: Fly out, F8 (Line Drive, 8RM)
|
Batting: RHB Boyd Pittman
|
0-0: Ball 1-0: Called Strike José Flores steals 3rd base Pedro Gonzáles to second 1-1: Foul Ball, location: 2F 1-2: SINGLE (Flyball, 7LS) José Flores scores Pedro Gonzáles to third Runner from 3rd tries for Home, SAFE, no throw
|
Batting: RHB Rafael González
|
0-0: Swinging Strike 0-1: Ball 1-1: Swinging Strike 1-2: Foul Ball, location: 2F 1-2: Ball 2-2: Ball 3-2: Strikes out looking
|
Batting: LHB Miguel Barrón
|
0-0: Ball 1-0: Foul Ball, location: 2F 1-1: Called Strike 1-2: Strikes out swinging
|
Top of the 2nd over - 2 run(s), 3 hit(s), 0 error(s), 1 left on base; District 9 2 - Texarkana 0 |
BOTTOM OF THE 2ND |
Texarkana Bears batting - Pitching for District 9 Prawns : LHP Ricardo Vega
|
Batting: RHB Gustavo Díaz
|
0-0: Ball 1-0: Called Strike 1-1: Called Strike 1-2: Fly out, F9 (Line Drive, 9)
|
Batting: RHB Taki Chikafuji
|
0-0: Ball 1-0: Ball 2-0: Foul Ball, location: 2F 2-1: Ground out 4-3 (Groundball, 4)
|
Batting: RHB Lu-fang Huie
|
0-0: Ball 1-0: Called Strike 1-1: Ball 2-1: Ball 3-1: Foul Ball, location: 2F 3-2: Foul Ball, location: 2F 3-2: Foul Ball, location: 2F 3-2: Foul Ball, location: 2F 3-2: Base on Balls
|
Batting: RHB Alberto Velásquez
|
0-0: Foul Ball, location: 2F 0-1: Called Strike 0-2: Ball 1-2: Foul Ball, location: 2F 1-2: Ball Lu-fang Huie is caught stealing 2nd base
|
Bottom of the 2nd over - 0 run(s), 0 hit(s), 0 error(s), 0 left on base; District 9 2 - Texarkana 0 |
TOP OF THE 3RD |
District 9 Prawns batting - Pitching for Texarkana Bears : RHP Joe Utter
|
Batting: LHB Tommy Payne
|
0-0: Called Strike 0-1: Ball 1-1: Fly out, F8 (Flyball, 8LM)
|
Batting: RHB José Colón
|
0-0: Ball 1-0: Called Strike 1-1: Foul Ball, location: 2F 1-2: Foul Ball, location: 2F 1-2: Ball 2-2: Ball 3-2: Base on Balls
|
Batting: SHB Rick Turner
|
0-0: Called Strike 0-1: Foul Ball, location: 2F 0-2: Foul Ball, location: 2F 0-2: SINGLE (Groundball, 6D) José Colón to second
|
Batting: LHB José Flores
|
0-0: Swinging Strike 0-1: Fly out, F8 (Flyball, 8LD) Runner from 2nd tags up, SAFE at 3rd, no throw
|
Batting: LHB Pedro Gonzáles
|
0-0: Fly out, F6 (Popup, 6D)
|
Top of the 3rd over - 0 run(s), 1 hit(s), 0 error(s), 2 left on base; District 9 2 - Texarkana 0 |
BOTTOM OF THE 3RD |
Texarkana Bears batting - Pitching for District 9 Prawns : LHP Ricardo Vega
|
Batting: RHB Alberto Velásquez
|
0-0: Ground out 4-3 (Groundball, 4)
|
Batting: RHB Michael Barraclough
|
0-0: Ball 1-0: Swinging Strike 1-1: Swinging Strike 1-2: Strikes out looking
|
Batting: RHB Steve Garneys
|
0-0: Called Strike 0-1: Ground out 4-3 (Groundball, 4MD)
|
Bottom of the 3rd over - 0 run(s), 0 hit(s), 0 error(s), 0 left on base; District 9 2 - Texarkana 0 |
TOP OF THE 4TH |
District 9 Prawns batting - Pitching for Texarkana Bears : RHP Joe Utter
|
Batting: RHB Edgardo Carrasco
|
0-0: Called Strike 0-1: Reached on error, E6 (Groundball, 56)
|
Batting: RHB Boyd Pittman
|
0-0: Ball 1-0: Called Strike 1-1: Ball 2-1: Ball 3-1: Base on Balls
|
Batting: RHB Rafael González
|
0-0: Ball 1-0: Swinging Strike 1-1: Ball 2-1: Foul Ball, location: 2F 2-2: Fly out, F6 (Popup, 6MD)
|
Batting: LHB Miguel Barrón
|
0-0: Ball 1-0: Ball 2-0: Ball 3-0: Called Strike 3-1: Fly out, F8 (Line Drive, 8LD) Runner from 2nd tags up, SAFE at 3rd, no throw
|
Batting: LHB Tommy Payne
|
0-0: Called Strike 0-1: Ball 1-1: Ground out 4-3 (Groundball, 34)
|
Top of the 4th over - 0 run(s), 0 hit(s), 1 error(s), 2 left on base; District 9 2 - Texarkana 0 |
BOTTOM OF THE 4TH |
Texarkana Bears batting - Pitching for District 9 Prawns : LHP Ricardo Vega
|
Batting: RHB Keith Ford
|
0-0: Ball 1-0: Ground out 6-3 (Groundball, 6)
|
Batting: LHB Sam Barnes
|
0-0: Ball 1-0: Called Strike 1-1: Ground out 4-3 (Groundball, 4)
|
Batting: RHB Billy Campbell
|
0-0: Swinging Strike 0-1: Ball 1-1: Foul Ball, location: 2F 1-2: Foul Ball, location: 2F 1-2: Strikes out looking
|
Bottom of the 4th over - 0 run(s), 0 hit(s), 0 error(s), 0 left on base; District 9 2 - Texarkana 0 |
TOP OF THE 5TH |
District 9 Prawns batting - Pitching for Texarkana Bears : RHP Joe Utter
|
Batting: RHB José Colón
|
0-0: Ground out 5-3 (Groundball, 56)
|
Batting: SHB Rick Turner
|
0-0: Ball 1-0: Foul Ball, location: 2F 1-1: Ball 2-1: Called Strike 2-2: Foul Ball, location: 2F 2-2: Ball 3-2: Strikes out swinging
|
Batting: LHB José Flores
|
0-0: Ball 1-0: Ground out 4-3 (Groundball, 4)
|
Top of the 5th over - 0 run(s), 0 hit(s), 0 error(s), 0 left on base; District 9 2 - Texarkana 0 |
BOTTOM OF THE 5TH |
Texarkana Bears batting - Pitching for District 9 Prawns : LHP Ricardo Vega
|
Batting: RHB Gustavo Díaz
|
0-0: Ball 1-0: Called Strike 1-1: Foul Ball, location: 2F 1-2: Foul Ball, location: 2F 1-2: Ball 2-2: Strikes out looking
|
Batting: RHB Taki Chikafuji
|
0-0: Ball 1-0: Ball 2-0: Fly out, F8 (Flyball, 8LM)
|
Batting: RHB Lu-fang Huie
|
0-0: Called Strike 0-1: Ball 1-1: Ball 2-1: Ball 3-1: Foul Ball, location: 2F 3-2: Ground out 5-3 (Groundball, 56S)
|
Bottom of the 5th over - 0 run(s), 0 hit(s), 0 error(s), 0 left on base; District 9 2 - Texarkana 0 |
TOP OF THE 6TH |
District 9 Prawns batting - Pitching for Texarkana Bears : RHP Joe Utter
|
Batting: LHB Pedro Gonzáles
|
0-0: Foul Ball, location: 2F 0-1: Called Strike 0-2: Ball 1-2: Ball 2-2: Foul Ball, location: 2F 2-2: Ball 3-2: Ground out U3 (Groundball, 34)
|
Batting: RHB Edgardo Carrasco
|
0-0: Ground out 6-3 (Groundball, 6)
|
Batting: RHB Boyd Pittman
|
0-0: Foul Ball, location: 2F 0-1: Called Strike 0-2: Foul Ball, location: 2F 0-2: Strikes out looking
|
Top of the 6th over - 0 run(s), 0 hit(s), 0 error(s), 0 left on base; District 9 2 - Texarkana 0 |
BOTTOM OF THE 6TH |
Texarkana Bears batting - Pitching for District 9 Prawns : LHP Ricardo Vega
|
Batting: RHB Alberto Velásquez
|
0-0: Called Strike 0-1: Ball 1-1: Called Strike 1-2: DOUBLE (Flyball, 8LXD)
|
Batting: RHB Michael Barraclough
|
0-0: Ball 1-0: Called Strike 1-1: Ball 2-1: Foul Ball, location: 2F 2-2: Strikes out looking
|
Batting: RHB Steve Garneys
|
0-0: Ball 1-0: Called Strike 1-1: Foul Ball, location: 2F 1-2: Foul Ball, location: 2F 1-2: Ball 2-2: Strikes out looking
|
Batting: RHB Keith Ford
|
0-0: Ground out 4-3 (Groundball, 4S)
|
Bottom of the 6th over - 0 run(s), 1 hit(s), 0 error(s), 1 left on base; District 9 2 - Texarkana 0 |
TOP OF THE 7TH |
District 9 Prawns batting - Pitching for Texarkana Bears : RHP Joe Utter
|
Pitching: RHP Kosami Tagawa
|
|
Batting: RHB Rafael González
|
0-0: Called Strike 0-1: Foul Ball, location: 2F 0-2: Ball 1-2: Ball 2-2: DOUBLE (Flyball, 78D)
|
Batting: LHB Miguel Barrón
|
0-0: Called Strike 0-1: Foul Ball, location: 2F 0-2: Ball 1-2: Strikes out looking
|
Batting: LHB Tommy Payne
|
0-0: Intentional Walk
|
Pinch Hitting: LHB Leonard Young
|
0-0: Called Strike 0-1: Fly out, F9 (Flyball, 89D) Runner from 2nd tags up, SAFE at 3rd, no throw
|
Batting: SHB Rick Turner
|
0-0: Ball 1-0: Ball 2-0: Ball 3-0: Called Strike 3-1: Foul Ball, location: 2F 3-2: SINGLE (Groundball, 3) (infield hit) Rafael González scores Tommy Payne to second
|
Batting: LHB José Flores
|
0-0: Called Strike 0-1: 3-RUN HOME RUN (Flyball, 89XD), Distance : 421 ft
|
Batting: LHB Pedro Gonzáles
|
0-0: Single, Error in OF, E9, batter to second base
|
Pitching: RHP Ralph Willaims
|
|
Batting: RHB Edgardo Carrasco
|
0-0: Swinging Strike 0-1: Called Strike 0-2: Foul Ball, location: 2F 0-2: Ball 1-2: Foul Ball, location: 2F 1-2: Foul Ball, location: 2F 1-2: Ground out 6-3 (Groundball, 6)
|
Top of the 7th over - 4 run(s), 4 hit(s), 1 error(s), 1 left on base; District 9 6 - Texarkana 0 |
BOTTOM OF THE 7TH |
Texarkana Bears batting - Pitching for District 9 Prawns : LHP Ricardo Vega
|
Now at 1B: Leonard Young
|
|
Batting: LHB Sam Barnes
|
0-0: Ball 1-0: Foul Ball, location: 2F 1-1: Called Strike 1-2: Strikes out swinging
|
Batting: RHB Billy Campbell
|
0-0: Ball 1-0: Ball 2-0: Called Strike 2-1: Called Strike 2-2: SINGLE (Groundball, 6MD)
|
Batting: RHB Gustavo Díaz
|
0-0: Ball 1-0: Ball 2-0: Ball 3-0: Swinging Strike 3-1: Foul Ball, location: 2F 3-2: Strikes out swinging
|
Batting: RHB Taki Chikafuji
|
0-0: Ball 1-0: Fly out, F7 (Flyball, 78M)
|
Bottom of the 7th over - 0 run(s), 1 hit(s), 0 error(s), 1 left on base; District 9 6 - Texarkana 0 |
TOP OF THE 8TH |
District 9 Prawns batting - Pitching for Texarkana Bears : RHP Ralph Willaims
|
Batting: RHB Boyd Pittman
|
0-0: Called Strike 0-1: Foul Ball, location: 2F 0-2: Foul Ball, location: 2F 0-2: Ball 1-2: Ground out 5-3 (Groundball, 25)
|
Batting: RHB Rafael González
|
0-0: Ball 1-0: Called Strike 1-1: Called Strike 1-2: Ball 2-2: Foul Ball, location: 2F 2-2: Hit by Pitch
|
Batting: LHB Miguel Barrón
|
0-0: Called Strike Rafael González steals 2nd base 0-1: SINGLE (Groundball, 5D) Rafael González to third Runner from 3rd tries for Home, SAFE, throw made home Miguel Barrón to second
|
Batting: LHB Tommy Payne
|
0-0: Ball 1-0: Ball 2-0: Fly out, F8 (Flyball, 8RD) Runner from 2nd tags up, SAFE at 3rd, no throw
|
Batting: LHB Leonard Young
|
0-0: Called Strike 0-1: Called Strike 0-2: Strikes out swinging
|
Top of the 8th over - 1 run(s), 1 hit(s), 0 error(s), 1 left on base; District 9 7 - Texarkana 0 |
BOTTOM OF THE 8TH |
Texarkana Bears batting - Pitching for District 9 Prawns : LHP Ricardo Vega
|
Batting: RHB Lu-fang Huie
|
0-0: Called Strike 0-1: Swinging Strike 0-2: Foul Ball, location: 2F 0-2: Strikes out looking
|
Pitching: RHP José Huerta
|
|
Batting: RHB Alberto Velásquez
|
0-0: Ball 1-0: SINGLE (Groundball, 6MD)
|
Batting: RHB Michael Barraclough
|
0-0: 2-RUN HOME RUN (Flyball, 7D), Distance : 413 ft
|
Pitching: RHP Clayton Hawkins
|
|
Batting: RHB Steve Garneys
|
0-0: Called Strike 0-1: Foul Ball, location: 2F 0-2: SINGLE (Groundball, 34) (infield hit)
|
Batting: RHB Keith Ford
|
0-0: Ball 1-0: Called Strike 1-1: Foul Ball, location: 2F 1-2: Foul Ball, location: 2F 1-2: Strikes out swinging
|
Batting: LHB Sam Barnes
|
0-0: Hit by Pitch Steve Garneys to second
|
Batting: RHB Billy Campbell
|
0-0: Ball 1-0: Foul Ball, location: 2F 1-1: Ball 2-1: SINGLE (Line Drive, 9S) Steve Garneys to third Sam Barnes to second Runner from 3rd tries for Home, SAFE, no throw
|
Batting: RHB Gustavo Díaz
|
0-0: Swinging Strike 0-1: Foul Ball, location: 2F 0-2: Strikes out swinging
|
Bottom of the 8th over - 3 run(s), 4 hit(s), 0 error(s), 2 left on base; District 9 7 - Texarkana 3 |
TOP OF THE 9TH |
District 9 Prawns batting - Pitching for Texarkana Bears : RHP Ralph Willaims
|
Batting: SHB Rick Turner
|
0-0: Foul Ball, location: 2F 0-1: Swinging Strike 0-2: SINGLE (Line Drive, 9LS)
|
Batting: LHB José Flores
|
0-0: Ball 1-0: Fly out, F7 (Flyball, 7LS)
|
Batting: LHB Pedro Gonzáles
|
0-0: Ball 1-0: Fly out, F4 (Popup, 34D)
|
Batting: RHB Edgardo Carrasco
|
0-0: Ball 1-0: Ball 2-0: Foul Ball, location: 2F 2-1: Ground out 1-3 (Groundball, 15S)
|
Top of the 9th over - 0 run(s), 1 hit(s), 0 error(s), 1 left on base; District 9 7 - Texarkana 3 |
BOTTOM OF THE 9TH |
Texarkana Bears batting - Pitching for District 9 Prawns : RHP Clayton Hawkins
|
Batting: RHB Taki Chikafuji
|
0-0: Ball 1-0: Called Strike 1-1: Ball 2-1: SOLO HOME RUN (Flyball, 78XD), Distance : 434 ft
|
Pitching: RHP Eric Love
|
|
Batting: RHB Lu-fang Huie
|
0-0: Foul Ball, location: 2F 0-1: Fly out, F8 (Flyball, 8LXD)
|
Batting: RHB Alberto Velásquez
|
0-0: Fly out, F9 (Flyball, 9LDF)
|
Batting: RHB Michael Barraclough
|
0-0: Swinging Strike 0-1: Ball 1-1: SINGLE (Groundball, 56S) (infield hit)
|
Batting: RHB Steve Garneys
|
0-0: Swinging Strike 0-1: Called Strike 0-2: Ground out 4-3 (Groundball, 4S)
|
Bottom of the 9th over - 1 run(s), 2 hit(s), 0 error(s), 1 left on base; District 9 7 - Texarkana 4 |
|